 Dungeon Crawl Stone Soup version 0.20-a0-850-ge5a7832 (webtiles) character file.

59 Alarkh the Chopper (level 3, -3/29 HPs)
             Began as a Demonspawn Monk on Mar 10, 2017.
             Slain by Natasha (5 damage)
             ... on level 2 of the Dungeon.
             The game lasted 00:01:59 (1777 turns).

Alarkh the Chopper (Demonspawn Monk)                Turns: 1777, Time: 00:02:00

Health: -3/29      AC:  2    Str: 11    XL:     3   Next: 78%
Magic:  3/3        EV: 13    Int: 12    God:
Gold:   26         SH:  0    Dex: 15    Spells: 2/2 levels left

rFire    . . .     SeeInvis .   a - +0 hand axe
rCold    . . .     Gourm    .   b - +0 robe
rNeg     . . .     Faith    .   (no shield)
rPois    .         Spirit   .   (helmet restricted)
rElec    .         Reflect  .   (no cloak)
rCorr    .         Harm     .   (no gloves)
MR       +....                  (no boots)
Stlth    ++........             (no amulet)
Regen    0.1/turn               (no ring)
MPRegen  0.1/turn               g - ring of protection from magic

@: very slightly contaminated, hasted, very quick
A: antennae 1, powered by death 1
a: no special abilities


You were on level 2 of the Dungeon.
You were hungry.

You visited 1 branch of the dungeon, and saw 2 of its levels.

You collected 26 gold pieces.

Inventory:

Hand Weapons
 a - a +0 hand axe (weapon)
Armour
 b - a +0 robe (worn)
Jewellery
 g - a ring of protection from magic (left hand)
Scrolls
 e - a scroll of identify
 h - a scroll of magic mapping {unknown}
 k - 2 scrolls of enchant armour {unknown}
 l - a scroll of teleportation {unknown}
 m - a scroll of blinking {unknown}
 o - a scroll of amnesia {unknown}
Potions
 f - a potion of magic
Comestibles
 c - a bread ration
 n - a meat ration


   Skills:
 + Level 3.2 Fighting
 * Level 3.5 Axes
 + Level 1.1 Armour
 + Level 3.1 Dodging
 - Level 1.7 Stealth


You had 2 spell levels left.
You didn't know any spells.

Dungeon Overview and Level Annotations

Branches:
Dungeon (2/15)

Altars:

Annotations:
D:2 Natasha, Robin


Innate Abilities, Weirdness & Mutations

You have a pair of small antennae on your head.
You regenerate a little health from kills.


Message History

The bat hits you but does no damage. Natasha claws you!
Unknown command.
You hit Natasha.
Natasha is lightly wounded.
You hit the bat.
You kill the bat!
Natasha claws you!
* * * LOW HITPOINT WARNING * * *
Unknown command.
You feel yourself speed up. Natasha completely misses you.
You are very lightly contaminated with residual magic.
You hit Natasha.
Natasha is moderately wounded.
Natasha claws you but does no damage.
You miss Natasha.
Natasha is moderately wounded.
You closely miss Natasha.
Natasha is moderately wounded.
Natasha claws you.
You die...

.... ##..### .......
....# .# ## ##
#################
.####.......#..†@...#
......#######..h....#
......# #.......#
......# #.#######
......# #.###
......## ####...#
.......###..h##.#
..####..##...##.#
#....##5h....##.#


You could see Natasha.

Vanquished Creatures
  Natasha (D:2)
  A dart slug (D:1)
  A leopard gecko (D:1)
  A giant cockroach (D:1)
  5 goblins
  4 hobgoblins (D:1)
  4 jackals (D:1)
  A ball python (D:1)
  5 bats
  A frilled lizard (D:1)
  4 kobolds
  2 rats (D:1)
30 creatures vanquished.

Notes
Turn   | Place    | Note
-------+----------+-------------------------------------------
     0 | D:1      | Alarkh the Demonspawn Monk began the quest for the Orb.
     0 | D:1      | Reached XP level 1. HP: 18/18 MP: 1/1
   405 | D:1      | Gained mutation: You regenerate a little health from kills. [demonic ancestry]
   405 | D:1      | Reached XP level 2. HP: 20/24 MP: 2/2
  1041 | D:2      | Noticed Robin
  1048 | D:1      | Gained mutation: You have a pair of small antennae on your head. [demonic ancestry]
  1048 | D:1      | Reached XP level 3. HP: 29/29 MP: 3/3
  1183 | D:2      | Noticed Natasha
  1403 | D:2      | Killed Natasha
  1403 | D:2      | Reached skill level 1 in Armour
  1569 | D:2      | Noticed Natasha
  1777 | D:2      | Slain by Natasha

Vault maps used:
D:1:      lemuel_arrival_room, minmay_misc_feat_roman
D:2:      lemuel_coloured_pillars_altar, okawaru_altar_gauntlet_db,
          uniq_natasha, uniq_robin

Skill      XL: |  1  2  3 |
---------------+----------+-----
Dodging        | 3 |  3.1
Axes           | 3 |  3.5
Armour         | 1 |  1.1
Fighting       | |  3.2
Stealth        | |  1.7

Action                   || total
-------------------------++-------
Melee: Hand axe          ||   108
  Use: Potion            ||     4
       Scroll            ||     1
 Stab: Sleeping          ||     4
  Eat: Chunk             ||     2
Armor: Robe              ||    37
Dodge: Dodged            ||   125
